 Dungeon Crawl Stone Soup version 0.21-a0-504-g2eda330 (webtiles) character file.

1779 wintastic the Impaler (level 9, -2/61 HPs)
             Began as a Merfolk Skald on Nov 25, 2017.
             Was a Believer of Okawaru.
             Slain by an orc warrior
             ... wielding a +0 short sword
              (16 damage)
             ... on level 5 of the Dungeon.
             The game lasted 00:17:22 (6359 turns).

wintastic the Impaler (Merfolk Skald)               Turns: 6359, Time: 00:17:23

Health: -2/61      AC: 14    Str: 19    XL:     9   Next: 8%
Magic:  6/12       EV:  8    Int: 12    God:    Okawaru [**....]
Gold:   347        SH:  0    Dex: 14    Spells: 11/12 levels left

rFire    . . .     SeeInvis .   a - +1 spear
rCold    + . .     Gourm    .   (no shield)
rNeg     . . .     Faith    .   o - +3 leather armour of the Exiled Curses {rC+}
rPois    .         Spirit   .   m - +1 helmet
rElec    .         Reflect  .   t - +0 cloak
rCorr    .         Harm     .   (no gloves)
MR       .....     Rnd*Rage +   g - +2 pair of boots
Stlth    ++........             (no amulet)
HPRegen  0.20/turn              n - ring of stealth
MPRegen  0.13/turn              s - -4 ring of evasion (curse)

@: mighty, lethally poisoned (-2 -> -4)
A: change form in water, swift swim, stealthy swim, claws 1, slimy green scales
1, berserk 1
a: Heroism, Renounce Religion


You were on level 5 of the Dungeon.
You worshipped Okawaru.
Okawaru was pleased with you.
You were very hungry.

You visited 2 branches of the dungeon, and saw 6 of its levels.
You also visited: Sewer.

You collected 347 gold pieces.

Inventory:

Hand Weapons
 a - a +1 spear (weapon)
Armour
 b - a +0 leather armour
 g - a +2 pair of boots (worn)
 m - a +1 helmet (worn)
 o - the +3 leather armour of the Exiled Curses (worn) {rC+}
   (You found it on level 4 of the Dungeon)

   It protects you from cold.
 p - a +0 ring mail of poison resistance
 t - a +0 cloak (worn)
Jewellery
 n - a ring of stealth (left claw)
 s - a cursed -4 ring of evasion (right claw)
Scrolls
 h - a scroll of amnesia
 k - a scroll of enchant weapon
 u - 2 scrolls of teleportation
 y - a scroll of enchant armour {unknown}
 z - 2 scrolls of fear
Potions
 e - a potion of resistance
 j - a potion of magic {unknown}
 q - 2 potions of curing {unknown}
 r - a potion of flight {unknown}
 v - 3 potions of heal wounds
 w - 2 potions of haste {unknown}
 x - a potion of lignification
Books
 c - a book of Battle

   Spells                             Type                      Level
   a - Infusion                       Charms                       1
   b - Shroud of Golubria             Charms/Translocation         2
   c - Song of Slaying                Charms                       2
   d - Spectral Weapon                Hexes/Charms                 3
   e - Regeneration                   Charms/Necromancy            3
 C - a book of Conjurations

   Spells                             Type                      Level
   a - Magic Dart                     Conjuration                  1
   b - Searing Ray                    Conjuration                  2
   c - Dazzling Spray                 Conjuration/Hexes            3
   d - Fulminant Prism                Conjuration/Hexes            4
   e - Force Lance                    Conjuration/Translocation    4
   f - Iskenderun's Mystic Blast      Conjuration                  4
Comestibles
 d - 5 bread rations
 i - 5 meat rations
 l - 2 royal jellies
 B - 5 fruits


   Skills:
 - Level 2.1 Fighting
 + Level 15.4 Polearms
 - Level 0.6 Armour
 - Level 2.6 Dodging
 - Level 2.0 Spellcasting
 - Level 3.2 Charms


You had 11 spell levels left.
You knew the following spells:

 Your Spells              Type           Power        Failure   Level  Hunger
a - Infusion              Chrm           #...         9%          1    ##.....


Dungeon Overview and Level Annotations

Branches:
Dungeon (5/15)             Temple (1/1) D:4

Altars:
Ashenzari
Cheibriados
Dithmenos
Elyvilon
Fedhas
Gozag
Hepliaklqana
Kikubaaqudgha
Makhleb
Okawaru
Qazlal
Ru
Sif Muna
Trog
Uskayaw
Vehumet
Wu Jian
Xom
Zin


Innate Abilities, Weirdness & Mutations

You revert to your normal form in water.
You are very nimble and swift while swimming.
You are very stealthy in the water. (Stealth+)
You have sharp fingernails.
You are partially covered in slimy green scales. (AC +2)
You tend to lose your temper in combat.


Message History

The orc warrior hits you with a short sword!
* * * LOW HITPOINT WARNING * * *
An orc comes into view. It is wielding a short sword.
You barely miss the orc warrior.
You feel sick.
The orc shouts!
You hit the orc warrior.
The orc warrior is lightly wounded.
The orc warrior hits you but does no damage.
You puncture the orc warrior!
The orc warrior is moderately wounded.
You puncture the orc warrior!
The orc warrior is heavily wounded.
The orc warrior hits you but does no damage.
You hit the orc warrior.
The orc warrior is severely wounded.
You feel sick.
You hit the orc warrior.
The orc warrior is almost dead.
The orc warrior hits you with a short sword!
You die...

...... ....# ##..o. ..
####### .....
>.#.####...... #...#
#.#........... #...#
#.##.......... #.o)#
#.# .......... #.)@#
#.# #.#.##... #...#
#.# #....'...
#...###.######.##...
#..........# #.#####
##.........###......
#≈≈≈≈≈...............
#≈≈...≈≈.....#########
#≈.§§..≈.....# #....
#≈.§§§.≈.....# #.##.


You could see an orc warrior and an orc.

Vanquished Creatures
  Sigmund (D:4)
  Menkaure (D:4)
  A water moccasin (D:5)
  Duvessa (D:5)
  A centaur (D:5)
  2 bullfrogs (Sewer)
  4 scorpions
  Dowan (D:5)
  A jelly (D:5)
  A crimson imp (D:5)
  A bullfrog zombie (D:5)
  An orc priest (D:3)
  2 hounds
  Crazy Yiuf (D:2)
  4 orc wizards
  A centaur skeleton (D:4)
  2 iguanas
  Jessica (D:2)
  Natasha (thrice) (D:4)
  A worker ant (D:4)
  Robin (D:2)
  9 adders
  A river rat (D:5)
  A shadow imp (D:5)
  12 oozes
  2 worms
  3 dart slugs
  12 leopard geckos
  9 orcs
  5 bats
  16 giant cockroaches
  10 goblins
  4 hobgoblins
  7 jackals
  2 quokkas
  11 ball pythons
  12 frilled lizards
  4 kobolds
  A leopard gecko skeleton (D:5)
  A leopard gecko zombie (D:5)
  8 rats
162 creatures vanquished.

Vanquished Creatures (others)
  A scorpion (D:5)
  A giant cockroach (D:5)
  A quokka (D:5)
3 creatures vanquished.

Grand Total: 165 creatures vanquished

Notes
Turn   | Place    | Note
-------+----------+-------------------------------------------
     0 | D:1      | wintastic the Merfolk Skald began the quest for the Orb.
     0 | D:1      | Reached XP level 1. HP: 16/16 MP: 3/3
   145 | D:1      | Reached skill level 4 in Polearms
   145 | D:1      | Reached XP level 2. HP: 6/22 MP: 5/5
   721 | D:1      | Reached skill level 5 in Polearms
   721 | D:1      | Reached XP level 3. HP: 27/27 MP: 6/6
   866 | D:2      | Found an ornate altar of the Wu Jian Council.
   866 | D:2      | Found a white marble altar of Elyvilon.
   888 | D:2      | Reached skill level 6 in Polearms
  1111 | D:2      | Reached XP level 4. HP: 33/33 MP: 1/7
  1120 | D:2      | Gained mutation: You have sharp fingernails. [potion of mutation]
  1120 | D:2      | Gained mutation: You tend to lose your temper in combat. [potion of mutation]
  1120 | D:2      | Gained mutation: You are partially covered in slimy green scales. (AC +2) [potion of mutation]
  1137 | D:2      | Found a radiant altar of Vehumet.
  1324 | D:2      | Noticed Robin
  1524 | D:2      | Killed Robin
  1633 | D:2      | Noticed Jessica
  1649 | D:2      | Killed Jessica
  1649 | D:2      | Reached skill level 7 in Polearms
  1787 | D:2      | Reached XP level 5. HP: 38/38 MP: 8/8
  1872 | D:2      | Found a runed door.
  1876 | D:2      | Noticed Crazy Yiuf
  1928 | D:2      | Killed Crazy Yiuf
  2200 | D:3      | Reached skill level 8 in Polearms
  2618 | D:3      | Reached skill level 9 in Polearms
  2618 | D:3      | Reached XP level 6. HP: 10/44 MP: 1/9
  3583 | D:4      | Reached skill level 10 in Polearms
  3633 | D:4      | Found a snail-covered altar of Cheibriados.
  3639 | D:4      | Noticed Natasha
  3647 | D:4      | Killed Natasha
  3755 | D:4      | Reached XP level 7. HP: 46/50 MP: 10/10
  3827 | D:4      | Noticed Natasha
  3838 | D:4      | Killed Natasha
  3856 | D:4      | Noticed Natasha
  3859 | D:4      | Found a staircase to the Ecumenical Temple.
  3868 | D:4      | Killed Natasha
  3913 | Temple   | Entered the Ecumenical Temple
  3938 | Temple   | Became a worshipper of Warmaster Okawaru
  3954 | D:4      | Noticed Menkaure
  4262 | D:3      | Reached skill level 11 in Polearms
  4566 | D:4      | Killed Menkaure
  4600 | D:4      | Got a dazzling leather armour
  4611 | D:4      | Identified the +3 leather armour of the Exiled Curses {rC+} (You found it on level 4 of the Dungeon)
  4727 | D:4      | Noticed Sigmund
  4739 | D:4      | Killed Sigmund
  4739 | D:4      | Reached * piety under Okawaru
  4739 | D:4      | Reached skill level 12 in Polearms
  4739 | D:4      | Reached XP level 8. HP: 54/56 MP: 6/11
  4846 | D:5      | Entered Level 5 of the Dungeon
  4849 | D:5      | Found a glowing drain.
  4871 | Sewer    | Entered a sewer
  5199 | Sewer    | Reached skill level 13 in Polearms
  5622 | D:5      | Reached skill level 14 in Polearms
  6284 | D:5      | Reached ** piety under Okawaru
  6288 | D:5      | Reached skill level 15 in Polearms
  6330 | D:5      | Found a shimmering altar of Xom.
  6335 | D:5      | Noticed Dowan
  6336 | D:5      | Noticed Duvessa
  6341 | D:5      | Killed Dowan
  6341 | D:5      | Reached XP level 9. HP: 50/61 MP: 8/12
  6350 | D:5      | Killed Duvessa
  6359 | D:5      | Slain by an orc warrior

Vault maps used:
D:1:      ncdulo_smallfort
D:2:      grunt_temple_overflow_open, old_standard_altar, minmay_statues_item,
          uniq_robin, uniq_crazy_yiuf_cottage, uniq_jessica
D:3:      st_stairs_8, minivault_4
D:4:      old_standard_altar, minmay_temple_entry_mist, uniq_natasha,
          uniq_menkaure, uniq_sigmund
D:5:      serial_curves, eino_curves_04, eino_curves_01, portal_sewer_entry_a,
          first_bread, xom_confusion_cloud, uniq_duvessa
Temple:   nicolae_temple_x_marks_the_god
Sewer:    sewer_frog_island_02

Skill      XL: |  1  2  3  4  5  6  7  8 |
---------------+-------------------------+-----
Polearms       | 4 5 6 7 9 10 12 15 | 15.4
Fighting       | |  2.1
Armour         | |  0.6
Dodging        | |  2.6
Spellcasting   | |  2.0
Charms         | |  3.2

Action                   |  1- 3 |  4- 6 |  7- 9 || total
-------------------------+-------+-------+-------++-------
Melee: Spear             |   128 |   255 |   391 ||   774
       Tailslap          |       |       |     8 ||     8
 Cast: Infusion          |     1 |     6 |     7 ||    14
  Use: Scroll            |       |     8 |     1 ||     9
       Potion            |       |     2 |     2 ||     4
 Stab: Sleeping          |     2 |     5 |    13 ||    20
       Distracted        |     1 |       |       ||     1
  Eat: Chunk             |       |    10 |     5 ||    15
       Royal jelly       |       |       |     1 ||     1
Armor: Leather armour    |    30 |    58 |    91 ||   179
       Ring mail         |       |    12 |     8 ||    20
Dodge: Dodged            |    69 |    76 |    83 ||   228

Table legend:
 A = Spawn XP
 B = Non-spawn XP
 C = Spawn XP percentage of total XP
 D = Spawn monster count
 E = Non-spawn monster count
 F = Spawn count percentage of total count
 G = Total turns spent on level
                    A         B        C        D         E        F      G
               +---------+---------+-------+---------+---------+-------+---------
         Total |       0 |    2542 |   0.0 |       0 |     162 |   0.0 |  6359
               +---------+---------+-------+---------+---------+-------+---------
           D:1 |       0 |      45 |   0.0 |       0 |      24 |   0.0 |  1019
           D:2 |       0 |     202 |   0.0 |       0 |      20 |   0.0 |  1351
           D:3 |       0 |     289 |   0.0 |       0 |      26 |   0.0 |  1772
           D:4 |       0 |     718 |   0.0 |       0 |      12 |   0.0 |   668
           D:5 |       0 |     872 |   0.0 |       0 |      27 |   0.0 |   885
         Sewer |       0 |     416 |   0.0 |       0 |      53 |   0.0 |   628
               +---------+---------+-------+---------+---------+-------+---------
